 Dungeon Crawl Stone Soup version 0.32-a0-960-g3814254bd7 (webtiles) character file.

Game seed: 14699057614748293304

680 ezpacito the Trooper (level 7, -4/54 (55) HPs)
             Began as a Coglin Chaos Knight on Apr 17, 2024.
             Was a Plaything of Xom.
             Succumbed to Ijyb's poison
             ... on level 4 of the Dungeon.
             The game lasted 00:05:17 (3966 turns).

ezpacito the Trooper (Coglin Chaos Knight)          Turns: 3966, Time: 00:05:18

HP:   -4/54 (55)    AC: 10    Str: 14    XL:     7   Next: 60%
MP:   9/9           EV:  6    Int: 10    God:    Xom [.....*]
Gold: 32            SH:  0    Dex: 13    Spells: 9/9 levels left

rFire   . . .        a - +0 hand axe (chaos) {Juan}
rCold   . . .        j - +0 spear {Milos}
rNeg    . . .        e - +0 chain mail
rPois   .            (no helmet)
rElec   .            h - +0 cloak
rCorr   .            (no gloves)
SInv    .            (no boots)
Will    .....        (amulet unavailable) Stlth
                     (ring unavailable)
HPRegen 0.29/turn    (ring unavailable)
MPRegen 0.11/turn    (no gizmo)

%: no passive effects
@: lethally poisoned (-4 -> -34), lightly drained, revved
A: off-hand wielding, slow wielding, warmup strikes, no jewellery, dopey 1, wild
magic 1
a: Invent Gizmo, Renounce Religion


You were on level 4 of the Dungeon.
You worshipped Xom.
You were Xom's teddy bear.
You visited 1 branch of the dungeon, and saw 4 of its levels.

You collected 122 gold pieces.
You spent 90 gold pieces at shops.

Inventory:

Hand Weapons
 a - a +0 hand axe of chaos (weapon) {Juan}
 b - a +0 orcbow
 j - a +0 spear (offhand) {Milos}
Missiles
 f - 11 poisoned darts (quivered)
 i - 4 throwing nets
 m - a boomerang
 r - a silver javelin
Armour
 e - a +0 chain mail (worn)
 h - a +0 cloak (worn)
 n - a +0 plate armour
Wands
 p - a wand of polymorph (7)
Scrolls
 c - 2 scrolls of amnesia {unknown}
 d - a scroll of noise {unknown}
 g - a scroll of fear
 k - 2 scrolls of enchant weapon {unknown}
 l - a scroll of immolation {unknown}
 o - a scroll of acquirement {unknown}
 t - a scroll of teleportation


   Skills:
 * Level 4.3 Fighting
 * Level 4.3(4.7) Axes
 * Level 2.4(3.5) Polearms
 + Level 0.3 Ranged Weapons
 + Level 0.4 Throwing
 * Level 3.2 Armour
 * Level 2.7 Dodging
 + Level 1.8 Stealth
 + Level 1.5 Spellcasting
 + Level 1.9 Evocations


You had 9 spell levels left.
You didn't know any spells.
Your spell library contained the following spells:

 Spells                   Type           Power      Damage    Failure   Level
 Kiss of Death            Conj/Necr      4%         2d5       99%         1
 Sandblast                Erth           2%         2d4       99%         1
 Confusing Touch          Hex            1%         N/A       100%        3
 Inner Flame              Hex/Fire       1%         N/A       100%        3
 Passwall                 Erth           1%         N/A       100%        3
 Stone Arrow              Conj/Erth      2%         3d7       100%        3
 Dispel Undead            Necr           1%         3d6       100%        4
 Irradiate                Conj/Alch      0%         3d11      100%        5
 Ignition                 Fire           0%         3d3       100%        8


Dungeon Overview and Level Annotations

Branches:
Dungeon (4/15)
 Temple: D:4-7

Altars:
Hepliaklqana
Sif Muna
Trog

Shops:
D:4 (


Innate Abilities, Weirdness & Mutations

You can wield a second weapon in your off-hand.
It takes a long time for you to wield or remove held weapons.
Your first few attacks do less damage.
You cannot equip rings or amulets.
You are dopey. (Int -2)
Your spells are a little harder to cast, but a little more powerful.


Message History

You are too injured to fight recklessly!
You are too injured to fight recklessly!
You are too injured to fight recklessly!
You are too injured to fight recklessly!
You hit Ijyb but do no damage.
Ijyb is severely wounded.
You hit Ijyb but do no damage.
You feel very sick. Ijyb hits you but does no damage.
You are lethally poisoned!
You take 6 damage, and have 27/54 hp.
You closely miss Ijyb with your +0 hand axe of chaos.
Ijyb is severely wounded.
You closely miss Ijyb with your +0 spear.
You feel extremely sick. Ijyb hits you but does no damage.
You are more poisoned.
You take 7 damage, and have 20/54 hp.
You closely miss Ijyb with your +0 spear.
Ijyb is severely wounded.
You barely miss Ijyb with your +0 hand axe of chaos.
* * * LOW HITPOINT WARNING * * *
You feel extremely sick. Ijyb barely misses you.
You take 8 damage, and have 12/54 hp.
You hit Ijyb but do no damage.
Ijyb is poisoned.
Ijyb is severely wounded.
You hit Ijyb with your +0 spear.
* * * LOW HITPOINT WARNING * * *
You feel very sick.
Ijyb hits you with a +5 dagger of venom.
* * * LOW HITPOINT WARNING * * *
You are more poisoned.
You take 9 damage, and have 3/54 hp.
You aren't carrying any potions.
Okay, then.
You hit Ijyb with your +0 spear.
You kill Ijyb!
You die...
Xom guffaws!

...............# #..#..(#...##
###............+ #..#...#...#.
#..............# #.##...#...).
................# ##..#((.#....)
##...............###...#(.(#...).
###..................#######....
............###....##.........
...................###..##..#..
......)@....###..#####..
.................# #..
........####.....# ### ∆
$#...#####......##
#............##.# ....
...#........# ... .............#
#.. .............# ......#......#


There were no monsters in sight!

Vanquished Creatures
  Eustachio (D:4)
  Duvessa (D:4)
  A phantom (D:4)
  Dowan (D:4)
  An iron imp (D:3)
  Crazy Yiuf (D:3)
  Ijyb (D:4)
  4 orc wizards (D:4)
  9 adders
  A ribbon worm (D:2)
  3 dart slugs (D:4)
  8 orcs
  6 ball pythons
  6 bats
  3 endoplasms
  6 giant cockroaches
  3 goblins
  7 hobgoblins
  5 kobolds
  4 quokkas
  3 training dummies (D:4)
  4 frilled lizards
  5 rats
84 creatures vanquished.

Notes
Turn   | Place    | Note
-------+----------+-------------------------------------------
     0 | D:1      | ezpacito the Coglin Chaos Knight began the quest for the
                  | Orb.
     0 | D:1      | Reached XP level 1. HP: 18/18 MP: 1/1
   110 | D:1      | Reached skill level 1 in Dodging
   185 | D:1      | Reached XP level 2. HP: 24/24 MP: 2/2
   408 | D:1      | XOM: silly message
   455 | D:1      | XOM: silly message
   904 | D:2      | Reached XP level 3. HP: 29/29 MP: 3/3
  1187 | D:2      | Found a bloodstained altar of Trog.
  1195 | D:2      | Reached XP level 4. HP: 35/35 MP: 3/5
  1279 | D:2      | Reached skill level 1 in Polearms
  1279 | D:2      | Reached skill level 1 in Stealth
  1375 | D:2      | XOM: stat loss: -1 Dex (12/13)
  1911 | D:3      | XOM: draining
  1933 | D:3      | Reached skill level 1 in Spellcasting
  2054 | D:3      | Reached XP level 5. HP: 35/35 MP: 6/6
  2056 | D:3      | Noticed Grinder
  2060 | D:3      | XOM: draining
  2062 | D:3      | XOM: summons 2 hostile shadow creatures
  2065 | D:3      | Grinder changed into Grinder the iron imp
  2065 | D:3      | Noticed Grinder
  2065 | D:3      | XOM: polymorph Grinder -> Grinder the iron imp
  2081 | D:3      | Killed Grinder the iron imp
  2244 | D:3      | Found a runed translucent door.
  2245 | D:3      | Noticed Crazy Yiuf
  2955 | D:3      | Paralysed by Crazy Yiuf for 1 turns
  2959 | D:3      | Paralysed by Crazy Yiuf for 1 turns
  2960 | D:3      | Killed Crazy Yiuf
  2961 | D:3      | Reached skill level 1 in Evocations
  3084 | D:4      | Noticed Eustachio
  3093 | D:4      | XOM: 1-stop teleportation journey
  3134 | D:4      | XOM: enchant monster (bad)
  3140 | D:4      | Reached XP level 6. HP: 15/44 MP: 7/7
  3216 | D:4      | Killed Eustachio
  3242 | D:4      | XOM: god gift: scroll labelled UFACLI HONWU {god gift}
  3366 | D:4      | XOM: 2-stop teleportation journey
  3523 | D:4      | Reached XP level 7. HP: 53/54 MP: 9/9
  3551 | D:4      | XOM: give mutation
  3551 | D:4      | Gained mutation: You possess an exceptional clarity of
                  | mind. [Xom's grace]
  3563 | D:4      | Found Remoxzos's Firing Range.
  3572 | D:4      | Bought a throwing net for 30 gold pieces
  3572 | D:4      | Bought a throwing net for 30 gold pieces
  3572 | D:4      | Bought a throwing net for 30 gold pieces
  3598 | D:4      | Noticed Dowan
  3600 | D:4      | Noticed Duvessa
  3601 | D:4      | Lost mutation: You possess an exceptional clarity of mind.
                  | [potion of mutation]
  3601 | D:4      | Gained mutation: Your spells are a little harder to cast,
                  | but a little more powerful. [potion of mutation]
  3601 | D:4      | Gained mutation: You are dopey. (Int -2) [potion of
                  | mutation]
  3611 | D:4      | Killed Dowan
  3613 | D:4      | Killed Duvessa
  3748 | D:4      | XOM: divination: detect items
  3783 | D:4      | XOM: 1-stop teleportation journey
  3810 | D:4      | XOM: cloud trail
  3832 | D:4      | Found a shimmering blue altar of Sif Muna.
  3883 | D:4      | Found a hazy altar of Hepliaklqana.
  3885 | D:4      | XOM: cast spell 'Summon Ice Beast'
  3951 | D:4      | Noticed Ijyb
  3966 | D:4      | Killed Ijyb
  3966 | D:4      | Succumbed to Ijyb's poison

Illustrated notes

Levels and vault maps discovered:
D:1:      dpeg_chamrin_arrival_tetris, layout_loops_cross,
          hangedman_decor_slide_cut, minmay_pentomino_u4
D:2:      layout_loops_ring, basic_altar, serial_forest,
          infiniplex_forest_lined_2, infiniplex_forest_fountain,
          infiniplex_forest_clump_tiny, infiniplex_forest_clump_C,
          infiniplex_forest_clump_tiny, infiniplex_forest_zigzag_1,
          infiniplex_forest_end_1, infiniplex_forest_end_2,
          infiniplex_forest_end_1, infiniplex_forest_zigzag_1,
          minmay_small_reverse_x
D:3:      layout_basic, hangedman_decor_diamond_cutter, uniq_grinder,
          uniq_crazy_yiuf_cottage
D:4:      layout_cave_pools, grunt_temple_overflow_lords_of_destruction,
          jmf_multi_god_temple2, nicolae_kite_square_tiling_tiny,
          serial_library_hellmonk_h_bend, minmay_misc_feat_more_columns,
          nicolae_shop_firing_range, uniq_eustachio, uniq_ijyb, uniq_duvessa

Skill      XL: |  1  2  3  4  5  6 |
---------------+-------------------+-----
Dodging        | 1 2 |  2.7
Armour         | 2 3 |  3.2
Polearms       | 1 2 |  2.4
Stealth        | 1 |  1.8
Spellcasting   | 1 |  1.5
Evocations     | 1 |  1.9
Fighting       | 4 |  4.3
Axes           | 4 |  4.3
Ranged Weapons | |  0.3
Throwing       | |  0.4

Action                     |  1- 3 |  4- 6 |  7- 9 || total
---------------------------+-------+-------+-------++-------
  Melee: Hand axe          |    64 |   106 |    36 ||   206
         Dagger            |    33 |       |       ||    33
         Spear             |    27 |   129 |    39 ||   195
    Use: Potion            |       |     4 |     1 ||     5
         Scroll            |       |     4 |       ||     4
   Stab: Sleeping          |     1 |       |       ||     1
         Confused          |       |     2 |       ||     2
 Armour: Leather armour    |    24 |       |       ||    24
         Chain mail        |    16 |    96 |    34 ||   146
         Skin              |       |    20 |       ||    20
  Dodge: Dodged            |    34 |    30 |    12 ||    76

Table legend: (Time is in decaauts)
 A = Elapsed time spent in this place.
 B = Non-inter-level travel time spent in this place.
 C = Inter-level travel time spent in this place.
 D = Time resting spent in this place.
 E = Time spent auto-exploring this place.
 F = Levels seen in this place.
 G = Mean time per level.
                   A        B        C        D        E       F      G
               +--------+--------+--------+--------+--------+-----+--------+
         Total |   3995 |   3744 |    251 |     84 |   3110 |   4 |  998.8 |
       Dungeon |   3995 |   3744 |    251 |     84 |   3110 |   4 |  998.8 |
               +--------+--------+--------+--------+--------+-----+--------+

Top non-repeatable levels by time:
     D:3: 1259 daAuts
     D:2: 952 daAuts
     D:1: 898 daAuts
     D:4: 884 daAuts
